 Dungeon Crawl Stone Soup version 0.30-a0-702-gdf48620a09 (webtiles) character file.

Game seed: 2733438416007101958

2478 KennySheep the Conjurer (level 9, -5/80 (84) HPs)
             Began as an Ogre Conjurer on Jan 21, 2023.
             Was a Priest of Cheibriados.
             Slain by a wight
             ... wielding a +5 flail
              (7 damage)
             ... on level 8 of the Dungeon on Jan 22, 2023.
             The game lasted 00:19:33 (8313 turns).

KennySheep the Conjurer (Ogre Conjurer)             Turns: 8313, Time: 00:19:34

HP:   -5/80 (84)    AC:  4    Str: 21    XL:     9   Next: 51%
MP:   0/18          EV: 10    Int: 31    God:    Cheibriados [***...]
Gold: 310           SH:  0    Dex: 15    Spells: 6/20 levels left

rFire   . . .      SeeInvis .    t - +2 whip (venom)
rCold   . . .      Faith    .    (no shield)
rNeg    . . .      Spirit   .    a - +1 robe
rPois   .          Reflect  .    (helmet restricted)
rElec   .          Harm     .    (no cloak)
rCorr   .          Rampage  .    (gloves unavailable)
Will    .....                    (boots unavailable)
Stlth   ++                       e - amulet of the acrobat
HPRegen 0.33/turn                (no ring)
MPRegen 0.16/turn                (no ring)

@: lightly drained, very slow
A: large, unfitting armour, tough skin 1
a: Renounce Religion, Bend Time, Temporal Distortion


You were on level 8 of the Dungeon.
You worshipped Cheibriados.
Cheibriados was most pleased with you.
You visited 1 branch of the dungeon, and saw 8 of its levels.

You collected 310 gold pieces.

Inventory:

Hand Weapons
 o - a +0 dagger
 p - a +2 dagger of draining
 t - a +2 whip of venom (weapon)
Armour
 a - a +1 robe (worn)
 u - a +0 tower shield
Jewellery
 e - an amulet of the acrobat (around neck)
 B - a ring of poison resistance
Wands
 b - a wand of acid (3)
 q - a wand of paralysis (11)
 w - a wand of flame (24)
 F - a wand of iceblast (8)
Scrolls
 c - a scroll of enchant armour
 d - a scroll of vulnerability
 i - a scroll of poison
 k - a scroll of butterflies
 n - a scroll of brand weapon
 s - a scroll of blinking
 x - a scroll of amnesia
 y - 5 scrolls of teleportation
Potions
 f - a potion of mutation {unknown}
 g - a potion of curing
 h - a potion of lignification {unknown}
 j - a potion of invisibility {unknown}
 l - a potion of haste
 m - a potion of brilliance
 r - 2 potions of attraction
 v - a potion of flight
 z - a potion of might
 A - a potion of cancellation
 C - a potion of degeneration


   Skills:
 + Level 3.6 Fighting
 - Level 1.7 Dodging
 - Level 1.4 Stealth
 + Level 2.6 Shields
 + Level 6.1 Spellcasting
 * Level 7.6 Conjurations
 * Level 6.5 Translocations
 + Level 2.1 Fire Magic


You had 6 spell levels left.
You knew the following spells:

 Your Spells              Type           Power      Damage    Failure   Level
a - Magic Dart            Conj           100%       1d8       1%          1
b - Searing Ray           Conj           100%       2d8       1%          2
c - Iskenderun's Mystic   Conj/Tloc      52%        2d11      2%          4
d - Gell's Gravitas       Tloc           49%        N/A       1%          3
e - Sticky Flame          Conj/Fire      39%        2d6       7%          4

Your spell library contained the following spells:

 Spells                   Type           Power      Damage    Failure   Level
 Lesser Beckoning         Tloc           98%        N/A       1%          2
 Teleport Other           Tloc           49%        N/A       1%          3
 Dazzling Flash           Conj/Hex       66%        N/A       3%          3
 Slow                     Hex            36%        N/A       4%          1
 Summon Small Mammal      Summ           36%        N/A       4%          1
 Fulminant Prism          Conj/Hex       16%        3d11      10%         4
 Ignite Poison            Fire/Tmut/Pois 13%        N/A       11%         3
 Call Canine Familiar     Summ           9%         N/A       14%         3
 Confusing Touch          Hex            9%         N/A       14%         3
 Summon Guardian Golem    Hex/Summ       9%         N/A       14%         3
 Vampiric Draining        Necr           9%         2d6       14%         3
 Ignition                 Fire           11%        3d5       100%        8


Dungeon Overview and Level Annotations

Branches:
Dungeon (8/15)             Temple (0/1) D:4
   Lair: D:8-11

Altars:
Cheibriados
Elyvilon
Gozag
Okawaru
Ru
Sif Muna
Trog
Uskayaw
Wu Jian

Shops:
D:2 =   D:7 (*


Innate Abilities, Weirdness & Mutations

You are too large for most types of armour.
You have tough skin. (AC +1)


Message History

The black bear misses you. The black bear closely misses you.
The black bear completely misses you.
Your magical contamination has completely faded away.
You hit the black bear.
The black bear is poisoned.
The black bear is almost dead.
The black bear goes berserk!
You hit the black bear.
The black bear looks as sick as possible!
The black bear is almost dead.
The black bear completely misses you. The black bear claws you. x2
* * * LOW HITPOINT WARNING * * *
Okay, then.
Okay, then.
You hit the black bear but do no damage.
The black bear looks as sick as possible!
The black bear is almost dead.
You kill the black bear!
Cheibriados thoroughly appreciates the change of pace.
Casting: Iskenderun's Mystic Blast (dangerous; 2% risk of failure)
Confirm with . or Enter, or press ? or * to list all spells.
You erupt in a blast of force!
The mystic blast hits the wight but does no damage.
The wight hits you with a +5 flail!
* * * LOW HITPOINT WARNING * * *
You feel drained.
* * * LOW HITPOINT WARNING * * *
Aiming: Paralyse
Press: ? - help, Shift-Dir - straight line, f - wight
Aim: a wight, wielding a +5 flail and wearing a +2 robe of resistance (chance to affect: 49%)
The wight resists with some effort.
The wight barely misses you.
Aiming: Paralyse
Press: ? - help, Shift-Dir - straight line, f/p - wight
Aim: a wight, wielding a +5 flail and wearing a +2 robe of resistance (chance to affect: 49%)
The wight resists with some effort.
The wight hits you with a +5 flail!
* * * LOW HITPOINT WARNING * * *
Aiming: Paralyse
Press: ? - help, Shift-Dir - straight line, f/p - wight
Aim: a wight, wielding a +5 flail and wearing a +2 robe of resistance (chance to affect: 49%)
The wight resists with some effort.
The wight hits you with a +5 flail!
You die...

###.##.~~ #.....#..
...>....~ ####.....#..
........# #...........
.......)######.#....)(...
........#........###(....
........?...#.#### #.)...
.........#......# #..[..
.......z###...#.#####..#.
........@##.###..#.....<.
......#........#.........
##...###.........#.......
..... .....#### #.....>.
...#. ).#..# #....... ..#
_..##.# #....... .. .).#
.. ......... ..... ...
##.......


You could see a wight.

Vanquished Creatures
  Pikel (D:5)
  A water moccasin (D:5)
  2 sky beasts (D:7)
  An ice beast (D:7)
  A black bear (D:8)
  2 orc warriors (D:7)
  A centaur (D:6)
  3 lemures (D:5)
  Blork the orc (D:5)
  A kobold brigand (D:8)
  A necrophage (D:5)
  6 wights
  2 centaur zombies (D:8)
  2 orc priests
  A hound (D:7)
  A jelly (D:6)
  6 iguanas
  8 orc wizards
  Ijyb (D:5)
  7 adders
  2 shadow imps (D:6)
  A white imp (D:5)
  2 ufetubi (D:7)
  3 worms
  A dart slug (D:1)
  27 orcs
  7 ball pythons
  10 bats
  12 endoplasms
  6 giant cockroaches
  13 goblins
  7 hobgoblins
  9 kobolds
  5 quokkas
  3 frilled lizards (D:1)
  6 rats
163 creatures vanquished.

Vanquished Creatures (others)
  2 fungi (D:5)
  7 plants (D:2)
9 creatures vanquished.

Grand Total: 172 creatures vanquished

Notes
Turn   | Place    | Note
-------+----------+-------------------------------------------
     0 | D:1      | KennySheep the Ogre Conjurer began the quest for the Orb.
     0 | D:1      | Reached XP level 1. HP: 16/16 MP: 3/3
   209 | D:1      | Reached XP level 2. HP: 24/24 MP: 2/5
   212 | D:1      | Learned a level 2 spell: Searing Ray
   417 | D:1      | Reached skill level 1 in Translocations
   656 | D:1      | Reached skill level 4 in Conjurations
   656 | D:1      | Reached XP level 3. HP: 21/31 MP: 0/7
  1685 | D:2      | Reached XP level 4. HP: 39/39 MP: 4/8
  2189 | D:2      | Found Poerphy's Jewellery Boutique.
  2580 | D:3      | Found a snail-covered altar of Cheibriados.
  2588 | D:3      | Became a worshipper of Cheibriados the Contemplative
  2979 | D:3      | Reached * piety under Cheibriados
  2980 | D:3      | Reached XP level 5. HP: 22/45 MP: 0/9
  3625 | D:4      | Learned a level 4 spell: Iskenderun's Mystic Blast
  3779 | D:4      | Found an ornate altar of the Wu Jian Council.
  3779 | D:4      | Found a hide-covered altar of Uskayaw.
  3941 | D:4      | Found a staircase to the Ecumenical Temple.
  4340 | D:5      | Entered Level 5 of the Dungeon
  4358 | D:5      | Found a bloodstained altar of Trog.
  4443 | D:5      | Reached skill level 5 in Conjurations
  4443 | D:5      | Reached XP level 6. HP: 53/53 MP: 6/11
  4515 | D:5      | Found a white marble altar of Elyvilon.
  4530 | D:5      | Noticed Pikel
  4532 | D:5      | Noticed Ijyb
  4554 | D:5      | Killed Ijyb
  4555 | D:5      | Killed Pikel
  4555 | D:5      | Reached ** piety under Cheibriados
  4556 | D:5      | Reached XP level 7. HP: 53/59 MP: 5/14
  4628 | D:5      | Reached skill level 6 in Conjurations
  4948 | D:5      | Noticed Blork the orc
  4958 | D:5      | Killed Blork the orc
  4959 | D:5      | Reached skill level 5 in Spellcasting
  4959 | D:5      | Reached XP level 8. HP: 50/67 MP: 6/15
  4960 | D:5      | Reached skill level 5 in Translocations
  5318 | D:6      | Learned a level 3 spell: Gell's Gravitas
  5989 | D:6      | Reached skill level 1 in Fighting
  5994 | D:6      | Reached skill level 1 in Shields
  6201 | D:6      | Learned a level 4 spell: Sticky Flame
  6299 | D:7      | Reached *** piety under Cheibriados
  6518 | D:7      | Reached skill level 7 in Conjurations
  6521 | D:7      | Reached skill level 1 in Fire Magic
  6720 | D:7      | Found Qapyol's Weapon Emporium.
  6728 | D:7      | Reached XP level 9. HP: 80/80 MP: 8/17
  6867 | D:7      | Found an opulent altar of Gozag.
  6870 | D:7      | Found Gozag's Platinum Reserve.
  7511 | D:7      | Found a sacrificial altar of Ru.
  7773 | D:7      | Found a shimmering blue altar of Sif Muna.
  8306 | D:8      | Found an iron altar of Okawaru.
  8312 | D:8      | HP: 2/80 [wight/+5 flail (14)]
  8313 | D:8      | Slain by a wight

Illustrated notes

Levels and vault maps discovered:
D:1:      dpeg_arrival_shrine, layout_basic
D:2:      layout_basic, serial_shops, shop, serial_bayou_ford_a,
          nrook_mini_vaults
D:3:      layout_basic, old_standard_altar
D:4:      layout_rooms, gammafunk_temple_overflow_wave, minmay_temple_entry_grid
D:5:      wander_river, layout_gridville, trog_antimagical, elyvilon_altar_1,
          minmay_misc_feat_chi, uniq_pikel, uniq_ijyb, uniq_blork_the_orc
D:6:      layout_gridville, minmay_a_box_with_orc_wizards_in_it
D:7:      layout_loops_corners, kennysheep_orc_sif_temple,
          nicolae_ru_great_annihilating_truth, nicolae_gozag_zags_fifth_avenue,
          serial_shops, nicolae_shop_bloodbath_and_beyond,
          chequers_serial_rivers_micro_a, minmay_quadrilaterals
D:8:      layout_rooms, beargit_hepliaklqana_dungeon_heroes, marbit_many_paths,
          okawaru_ov_weapons_minmay, serial_undead, serial_undead_f,
          serial_undead_c, serial_undead_a, serial_undead_f,
          chequers_mini_garden

Skill      XL: |  1  2  3  4  5  6  7  8  9 |
---------------+----------------------------+-----
Translocations | 1 2 3 4 5 6 |  6.5
Conjurations   | 4 5 6 7 |  7.6
Spellcasting   | 3 4 5 6 |  6.1
Fighting       | 2 3 |  3.6
Shields        | 1 2 |  2.6
Fire Magic     | 1 2 |  2.1
Dodging        | |  1.7
Stealth        | |  1.4

Action                   |  1- 3 |  4- 6 |  7- 9 || total
-------------------------+-------+-------+-------++-------
Melee: Unarmed           |    13 |       |       ||    13
       Dagger            |       |    22 |       ||    22
       Whip              |       |     7 |    36 ||    43
 Cast: Magic Dart        |    78 |    85 |    24 ||   187
       Searing Ray       |       |    18 |    10 ||    28
       Iskenderun's Myst |       |       |    48 ||    48
       Sticky Flame      |       |       |     1 ||     1
Evoke: Wand              |       |       |     3 ||     3
  Use: Scroll            |       |     5 |     7 ||    12
       Potion            |       |     2 |     6 ||     8
 Stab: Sleeping          |       |       |     1 ||     1
Armor: Robe              |     6 |    16 |    14 ||    36
Dodge: Dodged            |    10 |    54 |    93 ||   157

Table legend: (Time is in decaauts)
 A = Elapsed time spent in this place.
 B = Non-inter-level travel time spent in this place.
 C = Inter-level travel time spent in this place.
 D = Time resting spent in this place.
 E = Time spent auto-exploring this place.
 F = Levels seen in this place.
 G = Mean time per level.
                   A        B        C        D        E       F      G
               +--------+--------+--------+--------+--------+-----+--------+
         Total |   9943 |   9437 |    506 |    887 |   7123 |   8 | 1242.9 |
       Dungeon |   9943 |   9437 |    506 |    887 |   7123 |   8 | 1242.9 |
               +--------+--------+--------+--------+--------+-----+--------+

Top non-repeatable levels by time:
     D:7: 2614 daAuts
     D:3: 1372 daAuts
     D:6: 1245 daAuts
     D:1: 1232 daAuts
     D:5: 1204 daAuts
     D:2: 1202 daAuts
     D:4: 911 daAuts
     D:8: 159 daAuts
